cohdb
Replays
Latest Replays
All Replays
Popular Replays
Top Player Replays
Match Explorer
How It Works
Community
CoH3 Stats
Reddit
Sign in to upload your games and track your stats! →
Sign in with Steam
Match 43759926
Unlisted
Match 43759926
Overview
Messages
Build Orders
End
Kettenkrad Recon Vehicle
Construct Infanterie Kompanie
Selects Terror Battlegroup
Selects Machine Gun Camouflage
MG 42 Machine Gun Team
Grenadier Squad
Grenadier Squad
Construct Panzergrenadier Kompanie
Selects Interrogate
Panzergrenadier Squad
Support Elements
Nebelwerfer 42 Rocket Launcher Team
Medical Station
Pak 40 Anti-tank Gun Team
mr_ako
ikersus25
Kicerseh
Pinhead Larry
MähnGiL
Barbarossa
0
0
Comments
sign in to comment!
No comments posted yet!